 Dungeon Crawl Stone Soup version 0.31.0-11-ge490571c62 (webtiles) character file.

Game seed: 86450695292412071

65 firemarshallily the Trooper (level 3, -4/31 HPs)
             Began as a Minotaur Hedge Wizard on Feb 9, 2024.
             Slain by a goblin
             ... wielding a +0 club
             ... led by Robin
              (6 damage)
             ... on level 2 of the Dungeon.
             The game lasted 00:03:22 (1369 turns).

firemarshallily the Trooper (Minotaur Hedge Wizard) Turns: 1369, Time: 00:03:22

Health: -4/31      AC:  4    Str: 22    XL:     3   Next: 92%
Magic:  5/5        EV: 11    Int: 11    God:
Gold:   77         SH:  0    Dex:  9    Spells: 5/6 levels left

rFire   . . .        f - +0 club
rCold   . . .        (no shield)
rNeg    . . .        h - +0 leather armour
rPois   .            c - +0 hat
rElec   .            e - +0 cloak
rCorr   .            (no gloves)
SInv    .            (no boots)
Will    .....        (no amulet)
Stlth   +            a - +6 ring of strength
HPRegen 0.25/turn    (no ring)
MPRegen 0.09/turn

%: no passive effects
@: no status effects
A: horns 2, retaliatory headbutt
a: no special abilities


You were on level 2 of the Dungeon.
You visited 1 branch of the dungeon, and saw 2 of its levels.

You collected 77 gold pieces.

Inventory:

Hand Weapons
 f - a +0 club (weapon)
Missiles
 b - 10 stones
 g - 4 poisoned darts (quivered)
 j - 4 boomerangs
Armour
 c - a +0 hat (worn)
 e - a +0 cloak (worn)
 h - a +0 leather armour (worn)
 i - a +0 scale mail
Jewellery
 a - a +6 ring of strength (left hand)
Potions
 d - a potion of magic


   Skills:
 * Level 3.5 Fighting
 + Level 2.3 Armour
 - Level 2.1 Dodging
 - Level 1.5 Stealth
 - Level 2.1 Spellcasting
 - Level 0.6 Conjurations
 - Level 0.6 Summonings
 - Level 0.6 Translocations


You had 5 spell levels left.
You knew the following spells:

 Your Spells              Type           Power      Damage    Failure   Level
a - Magic Dart            Conj           8%         1d3       26%         1

Your spell library contained the following spells:

 Spells                   Type           Power      Damage    Failure   Level
 Slow                     Hex            4%         N/A       32%         1
 Blink                    Tloc           4%         N/A       36%         2
 Call Imp                 Summ           4%         N/A       36%         2
 Cigotuvi's Dreadful Rot  Necr/Alch/Air  2%         N/A       45%         2
 Mephitic Cloud           Conj/Alch/Air  1%         N/A       67%         3


Dungeon Overview and Level Annotations

Branches:
Dungeon (2/15)

Altars:

Annotations:
D:2 Robin


Innate Abilities, Weirdness & Mutations

You have a pair of horns on your head.
You reflexively headbutt those who attack you in melee.


Message History

You hit the goblin.
The goblin is heavily wounded.
The goblin closely misses you. You furiously retaliate!
You headbutt the goblin.
You kill the goblin!
The goblin hits you with a +0 dagger.
A ball python comes into view.
The goblin hits you with a +0 dagger.
Robin roars a battlecry!
The goblins go into a battle-frenzy!
You hit the goblin.
You kill the goblin!
The goblin no longer looks unusually strong.
Robin throws the goblin at you!
* * * LOW HITPOINT WARNING * * *
The goblin hits you but does no damage.
You closely miss the goblin. Your headbutt misses the goblin.
The goblin barely misses you.
You closely miss the goblin. The goblin barely misses you.
You hit the goblin.
You kill the goblin!
The goblin hits you with a +0 club.
* * * LOW HITPOINT WARNING * * *
Robin throws the goblin at you!
As you read the scroll labelled PATAKKA MEIXO, it crumbles to dust.
It is a scroll of identify.
You don't currently have any unidentified items.
Robin closely misses you. The goblin hits you with a +0 dagger.
* * * LOW HITPOINT WARNING * * *
The goblin closely misses you.
You hit the goblin. You headbutt the goblin.
You kill the goblin!
Robin throws the goblin at you!
* * * LOW HITPOINT WARNING * * *
The goblin hits you but does no damage. The goblin hits you with a +0 club.
* * * LOW HITPOINT WARNING * * *
You hit the goblin. Your headbutt misses the goblin.
The goblin is heavily wounded.
The goblin misses you. The goblin hits you with a +0 club.
You die...

##......#......###......#
....####..####...#......#
..#.####.#######........#
..#...............#.....#
....###.########.##.....#
##.......# #.########
..#..###.# #)# ....## #g#
###.# #@# #.# # #g#####
#.# #...###ggS..# ..#
#....SS...# ..
####..(...# ##.....#
#..(..# #.....# .....##


You could see Robin, 2 adders, a hobgoblin (strong) and 2 goblins.

Vanquished Creatures
  An adder (D:2)
  3 dart slugs
  4 ball pythons
  3 bats (D:1)
  3 endoplasms
  2 giant cockroaches (D:1)
  12 goblins
  4 hobgoblins
  4 jackals (D:1)
  A quokka (D:1)
  4 kobolds
  A rat (D:1)
42 creatures vanquished.

Notes
Turn   | Place    | Note
-------+----------+-------------------------------------------
     0 | D:1      | firemarshallily the Minotaur Hedge Wizard began the quest
                  | for the Orb.
     0 | D:1      | Reached XP level 1. HP: 14/14 MP: 2/2
   103 | D:1      | Found a faded altar of an unknown god.
   114 | D:1      | Reached skill level 1 in Fighting
   187 | D:1      | Reached skill level 1 in Armour
   187 | D:1      | Reached XP level 2. HP: 21/24 MP: 4/4
   250 | D:1      | Reached skill level 2 in Fighting
   885 | D:1      | Reached XP level 3. HP: 28/30 MP: 5/5
  1230 | D:2      | Reached skill level 3 in Fighting
  1348 | D:2      | Noticed Robin
  1369 | D:2      | Slain by a goblin

Illustrated notes

Levels and vault maps discovered:
D:1:      dpeg_arrival_tiny_j, layout_basic, serial_rivers,
          chequers_serial_rivers_large_b, chequers_serial_rivers_large_a,
          chequers_serial_rivers_micro_c, chequers_serial_rivers_small_a,
          chequers_serial_rivers_small_3, basic_ecumenical_altar,
          nrook_mini_vaults
D:2:      layout_rooms, chequers_arboretum, grunt_ministairs_13, uniq_robin

Skill      XL: |  1  2  3 |
---------------+----------+-----
Fighting       | 1 2 3 |  3.5
Armour         | 1 2 |  2.3
Dodging        | |  2.1
Stealth        | |  1.5
Spellcasting   | |  2.1
Conjurations   | |  0.6
Summonings     | |  0.6
Translocations | |  0.6

Action                     || total
---------------------------++-------
  Melee: Club              ||   100
         Headbutt          ||    14
         Dagger            ||     3
         Punch             ||     1
  Throw: Dart              ||     3
         Stone             ||     2
   Cast: Magic Dart        ||     1
    Use: Scroll            ||     1
   Stab: Sleeping          ||     2
 Armour: Robe              ||     9
         Leather armour    ||    78
  Dodge: Dodged            ||    72
